 Dungeon Crawl Stone Soup version 0.28.0 (webtiles) character file.

Game seed: 9635969877379245917

16328 Dirian the Cleaver (level 12, -4/113 HPs)
             Began as a Hill Orc Wanderer on Feb 18, 2022.
             Was an Elder of Nemelex Xobeh.
             Slain by a sixfirhy (11 damage)
             ... summoned by an orc high priest
             ... on level 2 of the Orcish Mines.
             The game lasted 00:21:32 (13462 turns).

Dirian the Cleaver (Hill Orc Wanderer)             Turns: 13462, Time: 00:21:33

Health: -4/113     AC: 27    Str: 21    XL:     12   Next: 36%
Magic:  0/19       EV:  9    Int:  9    God:    Nemelex Xobeh [****..]
Gold:   1523       SH: 12    Dex: 12    Spells: 11/11 levels left

rFire   . . .      SeeInvis +   k - +3 broad axe (vamp)
rCold   . . .      Faith    .   z - +2 kite shield
rNeg    . . .      Spirit   +   e - +0 plate armour
rPois   .          Reflect  .   s - +2 helmet
rElec   .          Harm     .   g - +0 cloak
rCorr   .          Rampage  ∞   C - +2 pair of gloves {hurl}
Will    .....                   x - +3 pair of seven-league boots {Rampage+∞}
Stlth   ..........              B - amulet of guardian spirit
HPRegen 0.28/turn               a - +4 ring of evasion
MPRegen 0.16/turn               m - ring of see invisible

@: no status effects
A: no striking features
a: Renounce Religion, Draw Escape, Draw Destruction, Draw Summoning, Triple
Draw, Deal Four


You were on level 2 of the Orcish Mines.
You worshipped Nemelex Xobeh.
Nemelex Xobeh was greatly pleased with you.
You visited 3 branches of the dungeon, and saw 15 of its levels.
You also visited: Ossuary.

You collected 1523 gold pieces.

Inventory:

Hand Weapons
 k - a +3 vampiric broad axe (weapon)
 y - a +0 war axe
Armour
 e - a +0 plate armour (worn)
 g - a +0 cloak (worn)
 s - a +2 helmet (worn)
 x - the +3 pair of seven-league boots (worn) {Rampage+∞}
   (You acquired it on level 5 of the Dungeon)

   Its wearer moves as far as possible in that direction when moving towards
   enemies.
 z - a +2 kite shield (worn)
 C - a +2 pair of gloves of hurling (worn)
Jewellery
 a - a +4 ring of evasion (left hand)
 m - a ring of see invisible (right hand)
 B - an amulet of guardian spirit (around neck)
Wands
 p - a wand of polymorph (10)
 u - a wand of flame (11)
 v - a wand of digging (5)
Scrolls
 t - a scroll of teleportation
Potions
 b - 2 potions of ambrosia
 c - 5 potions of brilliance
 d - 2 potions of lignification
 f - 2 potions of mutation
 h - 4 potions of haste
 j - 3 potions of cancellation
 l - 3 potions of magic
 n - 3 potions of berserk rage
 q - 2 potions of curing


   Skills:
 + Level 12.5 Fighting
 + Level 13.3 Axes
 - Level 1.1(7.2) Polearms
 + Level 10.9 Armour
 + Level 8.9 Shields
 + Level 9.9 Invocations


You had 11 spell levels left.
You didn't know any spells.
Your spell library contained the following spells:

 Spells                   Type           Power      Damage    Failure   Level
 Freeze                   Ice            0%         1d3       100%        1
 Magic Dart               Conj           0%         1d3       100%        1
 Summon Small Mammal      Summ           0%         N/A       100%        1
 Searing Ray              Conj           0%         2d4       100%        2
 Call Canine Familiar     Summ           0%         N/A       100%        3
 Frozen Ramparts          Ice            0%         1d2       100%        3
 Summon Guardian Golem    Hex/Summ       0%         N/A       100%        3
 Fulminant Prism          Conj/Hex       0%         3d6       100%        4
 Hailstorm                Conj/Ice       0%         3d3       100%        4
 Iskenderun's Mystic Bla  Conj/Tloc      0%         2d3       100%        4
 Lee's Rapid Deconstruct  Erth           0%         3d5*      100%        5
 Summon Forest            Summ/Tloc      0%         N/A       100%        5
 Eringya's Noxious Bog    Tmut/Pois      0%         N/A       100%        6
 Summon Hydra             Summ           0%         N/A       100%        7


Dungeon Overview and Level Annotations

Branches:
Dungeon (12/15)            Temple (1/1) D:5            Lair (0/6) D:11
    Orc (2/2) D:10            Elf (0/3) Orc:2       Ossuary (visited)

Altars:
Ashenzari
Cheibriados
Dithmenos
Elyvilon
Fedhas
Gozag
Hepliaklqana
Kikubaaqudgha
Makhleb
Nemelex Xobeh
Okawaru
Qazlal
Ru
Sif Muna
Trog
Uskayaw
Vehumet
Wu Jian
Xom
Yredelemnul
Zin
The Shining One
Beogh

Shops:
D:11 [[(

Annotations:
D:8 2 transporters
Orc:2 3 runed translucent doors, WhatIsLove's ghost, journeyman DjCj


Message History

* * * LOW HITPOINT WARNING * * *
The chaos spawn freezes you!
* * * LOW HITPOINT WARNING * * *
The orc high priest mumbles some strange prayers to Beogh.
The hellwing swoops through the air toward you!
The hellwing hits you but does no damage.
You block the hellwing's attack.
The chaos spawn degenerates into a cloud of primal chaos!
The sixfirhy is engulfed in seething chaos.
The hellwing barely misses you. x2
The orc sorcerer gestures wildly while chanting.
You block the hellwing's attack.
The hellwing hits you but does no damage.
The sixfirhy closely misses you. You block the sixfirhy's attack.
You block the sixfirhy's attack.
The sixfirhy hits you but does no damage.
Things that are here:
a +0 scale mail; a +0 club
Things that are here:
a +0 leather armour; a +0 short sword
There is a staircase to the Elven Halls, spattered with blood here.
Things that are here:
a +0 whip; a +0 plate armour; a +0 mace You block the sixfirhy's attack. x2
Things that are here:
a +0 flail; a +0 short sword; a +0 war axe The sixfirhy hits you but does no damage.
The sixfirhy barely misses you.
You see here a +0 short sword.
You see here a +0 whip.
The tengu warrior shouts!
The centaur warrior shouts!
The deep elf knight shouts!
You hear a shout!
You block the sixfirhy's attack. x2
You see here a +0 dagger.
The merfolk javelineer shouts!
The orc knight shouts!
You block the sixfirhy's attack. The sixfirhy hits you!
* * * LOW HITPOINT WARNING * * *
The sixfirhy shocks you!
You die...
Your body glows with a rainbow of weird colours and disappears.

$.8.8.#..#####.# #...o......
#.....+..##.##.#####.o...... ###
_)...o+..........# #.4...... ##.#
#}..mQ+..........# ##4...... #..#
..8.8W#....[[....###.3...... ...#
..#.#c#.....[....[##4....... #..#
...eoe#....[))...[)#....#...
#..#########....[3#.)3>[#3..###..
.....# ##..[[)..@.#...4)4...# .#
....####....<)...###......##### #
......#..<...)...##...........#
......#...[......###..........##
#...........##.........#.......#
#..........###........##..#.....
###.........#.........#####.....
#.#.....#####..#....## #....
###.....# #####..## ##..


You could see an orc warlord, a merfolk javelineer, an orc knight, a tengu
warrior, a centaur warrior, a deep elf knight, a sixfirhy (summoned) and
WhatIsLove's ghost.

Vanquished Creatures
  Gastronok (D:8)
  A two-headed ogre (D:11)
  An orc high priest (Orc:2)
  An orc knight (Orc:2)
  An oklob plant (D:11)
  A cyclops (Orc:1)
  Joseph (D:9)
  Maurice (Orc:1)
  2 gargoyles (D:11)
  An unseen horror (D:10)
  A komodo dragon (D:10)
  2 trolls (D:10)
  Grinder (D:5)
  A tarantella (Orc:2)
  4 shadows
  A wyvern (D:8)
  15 yaks
  Sigmund (D:3)
  A wraith (Ossuary)
  An acid dragon (D:9)
  12 orc warriors
  2 black bears
  2 ice beasts (D:7)
  2 necrophages
  A centaur (D:11)
  7 ogres
  2 phantoms
  5 kobold brigands
  2 gnoll sergeants
  A wyvern zombie (D:7)
  A water moccasin zombie (D:5)
  3 bullfrogs
  2 scorpions
  The ghost of nado the Skirmisher, a weakling MiFi (D:3)
  A water moccasin skeleton (D:4)
  3 troll zombies (D:10)
  11 killer bees
  8 wights
  A howler monkey (D:11)
  6 centaur zombies
  2 hounds
  3 jellies
  20 orc priests
  Crazy Yiuf (D:3)
  3 bullfrog skeletons
  A centaur skeleton (D:6)
  A gnoll shaman (D:3)
  Natasha (thrice) (D:2)
  3 iguanas
  21 orc wizards
  3 ogre zombies (D:10)
  A hound skeleton (D:5)
  A mummy (Ossuary)
  A howler monkey zombie (D:9)
  Robin (D:4)
  21 gnolls
  7 adders
  2 white imps
  An adder skeleton (D:5)
  A worm (D:4)
  56 orcs
  12 ball pythons
  6 bats
  4 endoplasms
  6 giant cockroaches
  5 hobgoblins
  7 jackals
  A quokka (D:4)
  6 frilled lizards
  6 gnoll skeletons (Ossuary)
  24 goblins
  2 goblin zombies (D:10)
  2 hobgoblin zombies (D:10)
  31 kobolds
  3 kobold skeletons (Ossuary)
  17 orc skeletons
  14 orc zombies (D:10)
  4 rats
415 creatures vanquished.

Vanquished Creatures (collateral kills)
  A goblin (D:4)
  A ball python (D:4)
2 creatures vanquished.

Vanquished Creatures (others)
  An orc priest (Orc:2)
  4 plants
5 creatures vanquished.

Grand Total: 422 creatures vanquished

Notes
Turn   | Place    | Note
-------+----------+-------------------------------------------
     0 | D:1      | Dirian the Hill Orc Wanderer began the quest for the Orb.
     0 | D:1      | Dirian set off with the following items: a +2 hand axe, a
                  | +0 spear, a +0 ring mail
     0 | D:1      | Reached XP level 1. HP: 14/14 MP: 1/1
   351 | D:1      | Found a faded altar of an unknown god.
   364 | D:1      | Reached skill level 1 in Fighting
   367 | D:1      | Reached XP level 2. HP: 21/23 MP: 2/2
   804 | D:1      | Reached XP level 3. HP: 29/29 MP: 3/3
  1197 | D:2      | Noticed Natasha
  1396 | D:2      | Reached skill level 7 in Axes
  1399 | D:2      | Reached XP level 4. HP: 28/37 MP: 4/4
  1404 | D:2      | Killed Natasha
  1660 | D:2      | Noticed Natasha
  1662 | D:2      | Reached skill level 5 in Armour
  1666 | D:2      | Killed Natasha
  1757 | D:2      | Reached XP level 5. HP: 46/46 MP: 5/5
  1928 | D:2      | Found a shimmering altar of Xom.
  2009 | D:2      | Noticed Natasha
  2017 | D:2      | Killed Natasha
  2756 | D:3      | Found a runed translucent door.
  2757 | D:3      | Noticed nado's ghost (weakling MiFi)
  2853 | D:3      | Reached XP level 6. HP: 53/53 MP: 6/6
  3099 | D:3      | Found a runed translucent door.
  3100 | D:3      | Noticed Crazy Yiuf
  3130 | D:3      | Noticed Sigmund
  3134 | D:3      | Identified a scroll of acquirement
  3134 | D:3      | Acquired a +2 vampiric broad axe
  3146 | D:3      | Killed Sigmund
  3147 | D:3      | Reached skill level 5 in Fighting
  3327 | D:3      | Killed Crazy Yiuf
  3328 | D:3      | Reached skill level 8 in Axes
  3539 | D:3      | Killed nado's ghost
  3540 | D:3      | Reached XP level 7. HP: 29/62 MP: 7/7
  3745 | D:4      | Noticed Robin
  3755 | D:4      | Killed Robin
  4257 | D:4      | Reached XP level 8. HP: 64/73 MP: 8/8
  4555 | D:5      | Entered Level 5 of the Dungeon
  4561 | D:5      | Reached skill level 9 in Axes
  4692 | D:5      | Found a sand-covered staircase.
  4696 | Ossuary  | Entered an ossuary
  4696 | Ossuary  | Noticed a wraith
  4696 | Ossuary  | Noticed a wraith
  4696 | Ossuary  | Noticed a wraith
  4751 | Ossuary  | Noticed a wraith
  4809 | Ossuary  | Killed a wraith
  5118 | D:5      | Found an ancient bone altar of Kikubaaqudgha.
  5145 | D:5      | Found a staircase to the Ecumenical Temple.
  5146 | D:5      | Noticed Grinder
  5160 | D:5      | Killed Grinder
  5169 | D:5      | Reached XP level 9. HP: 51/83 MP: 9/9
  5204 | Temple   | Entered the Ecumenical Temple
  5603 | D:5      | Reached skill level 1 in Shields
  5951 | D:5      | Reached skill level 10 in Axes
  6183 | D:5      | Acquired the +3 pair of seven-league boots {Rampage+∞}
  6183 | D:5      | Found the +3 pair of seven-league boots {Rampage+∞}
  6352 | D:6      | Found a sparkling altar of Nemelex Xobeh.
  6417 | D:6      | Became a worshipper of Nemelex Xobeh the Trickster
  6692 | D:6      | Reached skill level 1 in Invocations
  6988 | D:6      | Found a hide-covered altar of Uskayaw.
  7077 | D:6      | Reached * piety under Nemelex Xobeh
  7602 | D:7      | Found a glowing golden altar of the Shining One.
  7985 | D:7      | Found a shadowy altar of Dithmenos.
  7988 | D:7      | Found a stormy altar of Qazlal.
  8072 | D:8      | Received a gift from Nemelex Xobeh
  8116 | D:8      | Found a transporter.
  8116 | D:8      | Found a transporter.
  8120 | D:8      | Noticed a boulder beetle
  8141 | D:8      | Noticed Gastronok
  8158 | D:8      | Killed Gastronok
  8159 | D:8      | Reached skill level 10 in Fighting
  8159 | D:8      | Reached skill level 5 in Shields
  8159 | D:8      | Reached skill level 5 in Invocations
  8159 | D:8      | Reached XP level 10. HP: 94/94 MP: 11/14
  8227 | D:8      | Reached ** piety under Nemelex Xobeh
  8417 | D:8      | Reached skill level 11 in Axes
  8985 | D:9      | Noticed Joseph
  8998 | D:9      | Killed Joseph
  9843 | D:9      | Reached XP level 11. HP: 101/102 MP: 16/16
  9954 | D:9      | Reached *** piety under Nemelex Xobeh
 10030 | D:10     | Entered Level 10 of the Dungeon
 10264 | D:10     | Found a staircase to the Orcish Mines.
 10464 | D:10     | Found a shimmering altar of Xom.
 10470 | D:10     | Reached skill level 12 in Axes
 10487 | D:10     | Found a bloodstained altar of Trog.
 10487 | D:10     | Identified the +7 spear of the Shining Light {freeze, rElec
                  | rN+ Stlth-}
 10836 | D:10     | Received a gift from Nemelex Xobeh
 11053 | D:10     | Reached skill level 10 in Armour
 11110 | D:11     | Found Hesoips's Weapon Shoppe.
 11373 | D:11     | Noticed an oklob plant
 11381 | D:11     | Found a staircase to the Lair.
 11397 | D:11     | Killed an oklob plant
 11662 | D:11     | Found Mothatul's Antique Armour Boutique.
 11812 | D:11     | Noticed a two-headed ogre
 11822 | D:11     | Killed a two-headed ogre
 11869 | D:11     | Found Wohinere's Antique Armour Shop.
 12053 | D:12     | Noticed a skeletal warrior
 12053 | D:12     | Noticed a skeletal warrior
 12055 | D:12     | Noticed a skeletal warrior
 12056 | D:12     | Noticed a skeletal warrior
 12130 | Orc:1    | Entered Level 1 of the Orcish Mines
 12290 | Orc:2    | Entered Level 2 of the Orcish Mines
 12290 | Orc:2    | Noticed an orc warlord
 12290 | Orc:2    | Found a runed translucent gate.
 12290 | Orc:2    | Found a runed translucent gate.
 12295 | Orc:2    | Noticed a deep elf knight
 12296 | Orc:2    | Noticed a centaur warrior
 12298 | Orc:2    | Noticed a tengu warrior
 12298 | Orc:2    | Noticed a merfolk javelineer
 12299 | Orc:2    | Noticed WhatIsLove's ghost (journeyman DjCj)
 12300 | Orc:2    | Noticed an orc knight
 12301 | Orc:2    | Noticed a merfolk impaler
 12303 | Orc:2    | Noticed an orc knight
 12308 | Orc:2    | Found a runed translucent gate.
 12308 | Orc:2    | Noticed a tengu warrior
 12309 | Orc:2    | Reached **** piety under Nemelex Xobeh
 12316 | Orc:2    | Found a staircase to the Elven Halls.
 12353 | Orc:2    | Reached XP level 12. HP: 84/112 MP: 12/18
 12378 | Orc:1    | Noticed Snorg
 12703 | Orc:2    | Noticed Snorg
 12703 | Orc:2    | Snorg changed into Snorg the tarantella
 12705 | Orc:2    | Killed Snorg the tarantella
 12714 | Orc:2    | Found an iron altar of Okawaru.
 12861 | Orc:1    | Reached skill level 13 in Axes
 12864 | Orc:1    | Found a roughly hewn altar of Beogh.
 12937 | Orc:1    | Noticed Maurice
 12945 | Orc:1    | Killed Maurice
 13250 | Orc:2    | Found a roughly hewn altar of Beogh.
 13402 | Orc:2    | Noticed an orc high priest
 13405 | Orc:2    | Noticed an orc high priest
 13421 | Orc:2    | Killed an orc high priest
 13425 | Orc:2    | Noticed an orc high priest
 13439 | Orc:2    | HP: 3/113 [orc high priest/divine providence (11)]
 13442 | Orc:2    | Noticed a soul eater
 13445 | Orc:2    | HP: 5/113 [orc high priest/divine providence (14)]
 13462 | Orc:2    | Slain by a sixfirhy

Illustrated notes

Levels and vault maps discovered:
D:1:      roderic_chinese_lattice_arrival, layout_basic,
          hellmonk_ecumenical_altar_dog_temple, serial_bayou_lagoon_a
D:2:      layout_loops_ring, basic_altar, hangedman_glass_teeth, st_stairs_13,
          minmay_misc_feat_enclosed, minmay_pentomino_w4, uniq_natasha
D:3:      layout_loops_cross, gammafunk_ghost_grave, uniq_crazy_yiuf_cottage,
          uniq_sigmund
D:4:      minmay_clustersquares, layout_cave_pools, grunt_decor_resistance,
          uniq_robin
D:5:      layout_basic, marbit_many_paths,
          minmay_temple_entry_statues_fountains, enter_ossuary_5, st_stairs_5,
          minmay_misc_feat_five, uniq_grinder
D:6:      nicolae_cairo_tiling_large, layout_loops_corners,
          mainiacjoe_overflow_alcove_1, amcnicky_altar_gilded
D:7:      layout_basic, nicolae_overflow_hidden_temple, minivault_1
D:8:      gammafunk_boulding_lane, layout_basic, uniq_gastronok
D:9:      layout_gridville, minmay_misc_feat_chi, uniq_joseph
D:10:     layout_long_grid, jmf_multi_god_temple, zombieorc1_lemuel
D:11:     layout_stronghold, dpeg_oklobed_lair, serial_shops, shop,
          nicolae_shop_trees, nicolae_shop_hallway_plus, grunt_ministairs_8
D:12:     layout_rooms, wad_scary_box
Temple:   minmay_temple_curvy_branch
Orc:1:    layout_diamond_mine, basic_altar, uniq_snorg, uniq_maurice
Orc:2:    st_orc_mages, layout_diamond_mine, basic_altar,
          gammafunk_ghost_fury_of_okawaru

Skill      XL: |  1  2  3  4  5  6  7  8  9 10 11 12 |
---------------+-------------------------------------+-----
Fighting       | 1 2 3 4 5 7 9 10 11 12 | 12.5
Axes           | 7 8 9 10 11 12 13 | 13.3
Armour         | 5 6 7 8 9 10 | 10.9
Shields        | 5 6 8 |  8.9
Invocations    | 5 7 9 |  9.9
Polearms       | |  1.1

Action                   |  1- 3 |  4- 6 |  7- 9 | 10-12 || total
-------------------------+-------+-------+-------+-------++-------
Melee: Hand axe          |    95 |    90 |       |       ||   185
       Punch             |     1 |     3 |     1 |       ||     5
       Unarmed           |       |     6 |       |       ||     6
       Broad axe         |       |    17 |   291 |   529 ||   837
Invok: Draw Destruction  |       |       |       |     2 ||     2
       Draw Summoning    |       |       |       |     1 ||     1
  Use: Scroll            |       |     7 |    11 |    13 ||    31
       Potion            |       |     1 |       |     5 ||     6
 Stab: Distracted        |       |       |       |     1 ||     1
Armor: Chain mail        |    56 |    59 |   135 |   317 ||   567
       Ring mail         |     5 |       |       |       ||     5
       Plate armour      |       |       |       |    55 ||    55
Dodge: Dodged            |    37 |    40 |   142 |   242 ||   461
Block: Kite shield       |       |       |    35 |   405 ||   440
